 Dungeon Crawl Stone Soup version 0.23.2-1-ga50397a6bc (webtiles) character file.

Game seed: 3416418842652570106

100 Peloso the Covered (level 4, -2/40 HPs)
             Began as a Minotaur Fighter on Apr 14, 2019.
             Slain by Sigmund
             ... wielding a +0 scythe
              (9 damage)
             ... on level 2 of the Dungeon.
             The game lasted 00:02:08 (1039 turns).

Peloso the Covered (Minotaur Fighter)               Turns: 1039, Time: 00:02:09

Health: -2/40      AC:  7    Str: 21    XL:     4   Next: 46%
Magic:  3/3        EV:  7    Int:  5    God:
Gold:   72         SH:  9    Dex: 10    Spells: 3/3 levels left

rFire    . . .     SeeInvis .   a - +0 long sword
rCold    . . .     Gourm    .   c - +0 shield
rNeg     . . .     Faith    .   b - +0 scale mail
rPois    .         Spirit   .   (helmet restricted)
rElec    .         Reflect  .   (no cloak)
rCorr    .         Harm     .   (no gloves)
MR       .....                  (no boots)
Stlth    ..........             (no amulet)
HPRegen  0.13/turn              (no ring)
MPRegen  0.08/turn              (no ring)

@: no status effects
A: retaliatory headbutt, horns 2
a: no special abilities


You were on level 2 of the Dungeon.
You were hungry.

You visited 1 branch of the dungeon, and saw 2 of its levels.

You collected 72 gold pieces.

Inventory:

Hand Weapons
 a - a +0 long sword (weapon)
Armour
 b - a +0 scale mail (worn)
 c - a +0 shield (worn)
Jewellery
 e - an uncursed ring of resist corrosion {unknown}
 h - a +3 ring of dexterity {unknown}
Scrolls
 i - 3 scrolls of fear {unknown}
 j - a scroll of amnesia {unknown}
 k - 3 scrolls of identify {unknown}
 n - a scroll of teleportation {unknown}
Potions
 d - a potion of might
 g - a potion of heal wounds {unknown}
 l - a potion of brilliance {unknown}
 m - a potion of curing {unknown}
Comestibles
 f - 4 rations


   Skills:
 + Level 4.2 Fighting
 + Level 4.0 Long Blades
 + Level 4.4 Armour
 + Level 0.1 Dodging
 + Level 4.3 Shields


You had 3 spell levels left.
You didn't know any spells.
Your spell library was empty.

Dungeon Overview and Level Annotations

Branches:
Dungeon (2/15)

Altars:
Ashenzari
Nemelex Xobeh

Annotations:
D:2 1 runed translucent door, Crazy Yiuf, Sigmund


Innate Abilities, Weirdness & Mutations

You reflexively headbutt those who attack you in melee.
You have a pair of horns on your head.


Message History

You kill the kobold!
Something hits you.
You hear some strange, mumbled words.
A magic dart appears from out of thin air!
The magic dart hits you but does no damage.
Things that are here:
a +0 whip; 4 stones; a kobold corpse You miss something.
Something hits you.
You hit something. Something hits you!
You barely miss something. You closely miss something. Something hits you.
You hit something but do no damage. Something hits you but does no damage.
You hit something. Something hits you!
* * * LOW HITPOINT WARNING * * *
You slash something! You headbutt something. Something hits you.
* * * LOW HITPOINT WARNING * * *
You closely miss something. Something hits you but does no damage.
Your shield and scale mail prevent you from hitting something.
Something hits you!
You die...

..# #... #.#.
######.## #.#.#
#........ #.#..
#.####.## #.#.. #.#
#.# #.#.#.######.#
#.# #
#.#(#...<....# #.#
#.####.#)#...######
#.# #......#@#...#
### #......#{#...#
#_
#.<....#S#...##8..
#......#.#.####...
#.$.......#.#>...
.S...#.#.....##...
... #.########8.. .
#% ##_ .{


You could see an adder.

Vanquished Creatures
  Terence (D:2)
  3 adders (D:2)
  A worm (D:2)
  2 dart slugs (D:1)
  A leopard gecko (D:1)
  5 hobgoblins
  3 jackals (D:2)
  5 kobolds
  A ball python (D:2)
  5 bats
  A frilled lizard (D:2)
  6 goblins
  5 rats
39 creatures vanquished.

Notes
Turn   | Place    | Note
-------+----------+-------------------------------------------
     0 | D:1      | Peloso the Minotaur Fighter began the quest for the Orb.
     0 | D:1      | Reached XP level 1. HP: 19/19 MP: 0/0
   119 | D:1      | Reached XP level 2. HP: 27/27 MP: 1/1
   591 | D:2      | Reached XP level 3. HP: 20/33 MP: 2/2
   742 | D:2      | Found a runed translucent door.
   743 | D:2      | Noticed Crazy Yiuf
   775 | D:2      | Noticed Terence
   787 | D:2      | Killed Terence
   787 | D:2      | Reached XP level 4. HP: 30/40 MP: 3/3
  1010 | D:2      | Found a sparkling altar of Nemelex Xobeh.
  1015 | D:2      | Found a shattered altar of Ashenzari.
  1019 | D:2      | Noticed Sigmund
  1039 | D:2      | Slain by Sigmund

Skill      XL: |  1  2  3  4 |
---------------+-------------+-----
Fighting       | 4 |  4.2
Shields        | 4 |  4.3
Armour         | 4 |  4.4
Long Blades    | 3 4 |  4.0
Dodging        | |  0.1

Action                   |  1- 3 |  4- 6 || total
-------------------------+-------+-------++-------
Melee: Long sword        |    72 |    52 ||   124
       Headbutt          |     5 |     6 ||    11
Armor: Scale mail        |    26 |    25 ||    51
Dodge: Dodged            |    20 |    11 ||    31
Block: Shield            |    42 |    27 ||    69
       Rpst.: Long sword |     5 |     4 ||     9
